 Dungeon Crawl Stone Soup version 0.30-b1-2-g02819fbbbe (webtiles) character file.

Game seed: 14855765977487866866

247 Metae the Shield-Bearer (level 5, 0/47 HPs)
             Began as a Minotaur Fighter on July 8, 2023.
             Slain by a gnoll
             ... wielding a +0 flail
              (9 damage)
             ... on level 3 of the Dungeon.
             The game lasted 00:04:20 (2591 turns).

Metae the Shield-Bearer (Minotaur Fighter)          Turns: 2591, Time: 00:04:21

Health: 0/47       AC:  7    Str: 22    XL:     5   Next: 85%
Magic:  4/4        EV: 10    Int:  5    God:
Gold:   159        SH:  4    Dex: 10    Spells: 4/4 levels left

rFire   . . .        a - +0 flail
rCold   . . .        c - +0 buckler
rNeg    . . .        b - +0 scale mail
rPois   .            (helmet restricted)
rElec   .            (no cloak)
rCorr   .            (no gloves)
SInv    .            (no boots)
Will    .....        (no amulet) Stlth
                     (no ring)
HPRegen 0.27/turn    (no ring)
MPRegen 0.09/turn

%: no passive effects
@: no status effects
A: horns 2, retaliatory headbutt
a: no special abilities


You were on level 3 of the Dungeon.
You visited 1 branch of the dungeon, and saw 4 of its levels.

You collected 159 gold pieces.

Inventory:

Hand Weapons
 a - a +0 flail (weapon)
Missiles
 f - 2 poisoned darts (quivered)
Armour
 b - a +0 scale mail (worn)
 c - a +0 buckler (worn)
Scrolls
 h - 2 scrolls of brand weapon {unknown}
 k - 3 scrolls of blinking {unknown}
 l - a scroll of poison {unknown}
 n - a scroll of noise {unknown}
 p - 3 scrolls of silence {unknown}
 q - 4 scrolls of identify {unknown}
 r - a scroll of teleportation {unknown}
 s - a scroll of vulnerability {unknown}
 t - a scroll of immolation {unknown}
Potions
 d - a potion of might
 e - 3 potions of curing {unknown}
 g - 2 potions of flight {unknown}
 i - a potion of invisibility {unknown}
 j - a potion of brilliance {unknown}
 m - a potion of berserk rage {unknown}
 o - a potion of attraction {unknown}


   Skills:
 + Level 4.8 Fighting
 + Level 3.9 Maces & Flails
 + Level 4.7 Armour
 + Level 2.6 Dodging
 + Level 4.8 Shields


You had 4 spell levels left.
You didn't know any spells.
Your spell library contained the following spells:

 Spells                   Type           Power      Damage    Failure   Level
 Apportation              Tloc           0%         N/A       85%         1
 Necrotise                Necr           0%         1d4       85%         1
 Summon Small Mammal      Summ           0%         N/A       85%         1
 Alistair's Intoxication  Tmut/Pois      0%         N/A       100%        5
 Borgnjor's Vile Clutch   Necr/Erth      0%         N/A       100%        5
 Eringya's Noxious Bog    Tmut/Pois      0%         N/A       100%        6


Dungeon Overview and Level Annotations

Branches:
Dungeon (4/15)
 Temple: D:4-7

Altars:
Ashenzari
Sif Muna


Innate Abilities, Weirdness & Mutations

You have a pair of horns on your head.
You reflexively headbutt those who attack you in melee.


Message History

The gnoll hits you with a +0 halberd. The gnoll barely misses you.
You closely miss the gnoll.
The gnoll is severely wounded.
A hobgoblin comes into view.
The gnoll hits you with a +0 halberd! The gnoll hits you but does no damage.
You block the gnoll's attack.
The gnoll hits you from afar with a +0 halberd!
The gnoll hits you with a +0 halberd.
* * * LOW HITPOINT WARNING * * *
The gnoll attacks as you move away! The gnoll barely misses you. x2
You furiously retaliate!
You headbutt the gnoll!
You kill the gnoll!
The gnoll attacks as you move away! The gnoll hits you but does no damage.
The gnoll attacks as you move away! The gnoll barely misses you.
The gnoll attacks as you move away! The gnoll barely misses you.
You furiously retaliate!
You headbutt the gnoll. The gnoll attacks as you move away!
The gnoll hits you but does no damage. The gnoll attacks as you move away!
The gnoll barely misses you. The gnoll attacks as you move away!
The gnoll closely misses you.
There is a stone staircase leading up here.
The gnoll closely misses you. You furiously retaliate!
You headbutt the gnoll, but do no damage.
The gnoll hits you from afar with a +0 halberd!
* * * LOW HITPOINT WARNING * * *
You climb upwards.
There is a stone staircase leading down here.
You closely miss the gnoll. You headbutt the gnoll.
The gnoll is moderately wounded.
The gnoll closely misses you. You furiously retaliate!
You headbutt the gnoll, but do no damage.
You closely miss the gnoll. Your headbutt misses the gnoll.
The gnoll is moderately wounded.
The gnoll barely misses you.
You hit the gnoll.
The gnoll is severely wounded.
The gnoll misses you.
You closely miss the gnoll.
The gnoll is severely wounded.
The gnoll hits you with a +0 flail!
You die...

.#....#### #.....#
#.##..♣♣ .##.###
###.#########
#.###.P♣ .##.#
#.#.......###.#####.
..#.#
#.#.#####.##...## ##
....#
#.#.#####.#.....#
....#
#......##.##...#####
#.###
###.##†##.###.###...
#.#
#g##.##.#######.##
#.#
#@##............#
#.#
#.......#########
..# ######### ###


You could see a gnoll.

Vanquished Creatures
  A phantom (D:4)
  The ghost of Alarkh the Shooter, a weakling DsHs (D:3)
  2 hounds
  An adder (D:2)
  A gnoll (D:4)
  A worm (D:2)
  A dart slug (D:4)
  An orc (D:3)
  6 endoplasms
  4 giant cockroaches
  4 goblins
  3 hobgoblins
  2 jackals (D:1)
  2 quokkas
  6 ball pythons
  4 bats
  5 frilled lizards
  3 kobolds
  5 rats
53 creatures vanquished.

Vanquished Creatures (others)
  A plant (D:1)
1 creature vanquished.

Grand Total: 54 creatures vanquished

Notes
Turn   | Place    | Note
-------+----------+-------------------------------------------
     0 | D:1      | Metae the Minotaur Fighter began the quest for the Orb.
     0 | D:1      | Reached XP level 1. HP: 19/19 MP: 0/0
    65 | D:1      | Reached XP level 2. HP: 27/27 MP: 1/1
   518 | D:1      | Reached skill level 1 in Dodging
   845 | D:2      | Reached XP level 3. HP: 26/33 MP: 2/2
  1613 | D:3      | Found a shimmering blue altar of Sif Muna.
  1668 | D:3      | Found a runed translucent gate.
  1669 | D:3      | Found a runed translucent gate.
  1669 | D:3      | Found a runed translucent gate.
  1669 | D:3      | Noticed Alarkh's ghost (weakling DsHs)
  2125 | D:3      | Reached XP level 4. HP: 33/40 MP: 3/3
  2379 | D:3      | Killed Alarkh's ghost
  2445 | D:4      | Reached XP level 5. HP: 47/47 MP: 4/4
  2464 | D:4      | Noticed a phantom
  2472 | D:4      | Found a broken altar of Ashenzari.
  2485 | D:4      | Killed a phantom
  2591 | D:3      | Slain by a gnoll

Illustrated notes

Levels and vault maps discovered:
D:1:      spicycebolla_arrival_clurvy, layout_basic
D:2:      layout_basic
D:3:      layout_loops_corners, lemuel_crystal_altar, ebering_ghost_rock_garden,
          serial_forest, infiniplex_forest_straight_4,
          infiniplex_forest_clump_curved, infiniplex_forest_clump_long,
          infiniplex_forest_clump_cross, infiniplex_forest_clump_long,
          infiniplex_forest_clump_small, infiniplex_forest_clump_double,
          infiniplex_forest_clump_double, minivault_19,
          hangedman_abyss_or_decor_stabs
D:4:      layout_layer_cave, mainiacjoe_overflow_tiny_flanked,
          minmay_temple_entry_enclosed_plants

Skill      XL: |  1  2  3  4 |
---------------+-------------+-----
Dodging        | 1 2 |  2.6
Fighting       | 4 |  4.8
Armour         | 4 |  4.7
Shields        | 4 |  4.8
Maces & Flails | 3 |  3.9

Action                     |  1- 3 |  4- 6 || total
---------------------------+-------+-------++-------
  Melee: Flail             |    90 |    42 ||   132
         Headbutt          |    14 |     7 ||    21
  Throw: Dart              |       |     2 ||     2
 Armour: Scale mail        |    34 |    11 ||    45
  Dodge: Dodged            |    46 |    27 ||    73
  Block: Buckler           |    20 |    14 ||    34
